 Dungeon Crawl Stone Soup version 0.31-a0-806-g0bc164a743 (webtiles) character file.

Game seed: 15440018497657269124

1618745 GordonOverkill the Conqueror (level 25, 257/257 HPs)
             Began as a Demigod Delver on Sept 21, 2023.
             Escaped with the Orb
             ... and 3 runes!
             The game lasted 02:15:44 (73682 turns).

GordonOverkill the Conqueror (Demigod Delver)      Turns: 73682, Time: 02:15:45

Health: 257/257    AC: 41    Str: 42 (43) XL:     25   Next: 6%
Magic:  27/27      EV: 13    Int: 13 (15) God:
Gold:   3779       SH: 31    Dex: 13 (15) Spells: 24/24 levels left

rFire   + + .        a - +9 broad axe (freeze)
rCold   + + .        Q - +2 tower shield {AC+3}
rNeg    + . .        Y - +3 gold dragon scales
rPois   +            V - +2 helmet {Int+3}
rElec   +            l - +1 cloak of Generosity {rElec}
rCorr   .            P - +0 pair of gloves "Bain" {rN+ Dex-4 SInv}
SInv    +            F - +2 pair of boots {Stlth+}
Will    +++..        K - brooch of Shielding {Spirit SH+8} Stlth
                     h - +4 ring of slaying
HPRegen 1.42/turn    g - ring of Gojoch {rPois rF+ rC+ Will+ Dex+4}
MPRegen 0.20/turn

%: guardian spirit
@: studying Air Magic
A: high MP 1, forlorn, divine attributes, deterioration 1, regeneration 1, weak
1
0: Orb of Zot
}: 3/15 runes: decaying, serpentine, silver
a: no special abilities


You escaped.
You visited 9 branches of the dungeon, and saw 47 of its levels.
You visited 1 bazaar.
You also visited: Bailey and Ice Cave.

You collected 7515 gold pieces.
You spent 3736 gold pieces at shops.

Inventory:

Hand Weapons
 a - a +9 broad axe of freezing (weapon)
 B - a +4 broad axe
 J - the +16 obsidian axe {drain, demonic, Mesm Drain Fly SInv}
   (You bought it in a shop on level 4 of the Depths)

   Mesm:      Its wielder is mesmerised by any visible foes, and it cannot be
   unequipped while any foes are visible.
   SInv:      It lets you see invisible.
   Fly:       It grants you flight.
   Drain:     It drains your maximum health when unequipped.
Missiles
 f - 38 boomerangs (quivered)
 Z - 4 throwing nets
Armour
 l - the +1 cloak of Generosity (worn) {rElec}
   (You found it on level 5 of the Vaults)

   rElec:     It insulates you from electricity.
 F - a +2 pair of boots of stealth (worn)
 P - the +0 pair of gloves "Bain" (worn) {rN+ Dex-4 SInv}
   (You bought it in a shop in a bazaar)

   Dex-4:     It affects your dexterity (-4).
   rN+:       It protects you from negative energy.
   SInv:      It lets you see invisible.
 Q - a +2 tower shield of protection (worn)
 V - a +2 helmet of intelligence (worn)
 X - a scarf of resistance
 Y - +3 gold dragon scales (worn)
Jewellery
 e - an amulet of regeneration
 g - the ring of Gojoch (right hand) {rPois rF+ rC+ Will+ Dex+4}
   (You took it off a deep elf pyromancer on level 3 of the Elven Halls)

   [ring of willpower]

   Dex+4:     It affects your dexterity (+4).
   rF+:       It protects you from fire.
   rC+:       It protects you from cold.
   rPois:     It protects you from poison Will+: It increases your willpower.
 h - a +4 ring of slaying (left hand)
 i - a ring of willpower
 o - a ring of protection from fire
 K - the brooch of Shielding (around neck) {Spirit SH+8}
   (You found it on level 7 of the Dungeon)

   [amulet of guardian spirit]

   Spirit:    It causes incoming damage to be divided between your reserves of
   health and magic.
   SH+8:      It affects your SH (+8).
Wands
 m - a wand of flame (111)
 p - a wand of digging (7)
 x - a wand of paralysis (19)
 y - a wand of iceblast (72)
 D - a wand of mindburst (28)
 E - a wand of acid (38)
Scrolls
 b - a scroll of silence
 c - 15 scrolls of fog
 d - a scroll of revelation
 k - 7 scrolls of vulnerability
 q - 26 scrolls of teleportation
 t - 13 scrolls of fear
 w - 9 scrolls of blinking
 I - 8 scrolls of poison
 S - 18 scrolls of identify
 T - 7 scrolls of immolation
 W - 5 scrolls of summoning
Potions
 j - 4 potions of might
 s - a potion of ambrosia
 u - 6 potions of mutation
 v - 10 potions of enlightenment
 z - 2 potions of haste
 C - 6 potions of resistance
 G - 15 potions of curing
 H - 12 potions of heal wounds
 L - 2 potions of berserk rage
 N - 13 potions of lignification
 R - 5 potions of invisibility
 U - 2 potions of cancellation
Miscellaneous
 n - a tin of tremorstones (1/2)
 r - a box of beasts
 A - a lightning rod (4/4)
 M - a phantom mirror
 O - a phial of floods


   Skills:
 O Level 27 Fighting
 - Level 20.0 Axes
 - Level 20.0 Armour
 + Level 14.3 Dodging
 - Level 4.5 Stealth
 - Level 20.0 Shields
 - Level 10.0 Evocations


You had 24 spell levels left.
You didn't know any spells.
Your spell library contained the following spells:

 Spells                   Type           Power      Damage    Failure   Level
 Apportation              Tloc           0%         N/A       92%         1
 Freeze                   Ice            0%         1d3       92%         1
 Kiss of Death            Conj/Necr      0%         2d5       92%         1
 Necrotise                Necr           0%         1d4       92%         1
 Slow                     Hex            0%         N/A       92%         1
 Summon Small Mammal      Summ           0%         N/A       92%         1
 Blink                    Tloc           0%         N/A       98%         2
 Cigotuvi's Dreadful Rot  Necr/Pois/Air  0%         N/A       98%         2
 Ensorcelled Hibernation  Hex/Ice        0%         N/A       98%         2
 Jinxbite                 Hex            0%         N/A       98%         2
 Passwall                 Tmut/Erth      0%         N/A       98%         2
 Scorch                   Fire           0%         2d5       98%         2
 Sublimation of Blood     Necr           0%         N/A       98%         2
 Call Canine Familiar     Summ           0%         N/A       100%        3
 Confusing Touch          Hex            0%         N/A       100%        3
 Gell's Gravitas          Tloc           0%         N/A       100%        3
 Hailstorm                Conj/Ice       0%         3d3       100%        3
 Ignite Poison            Fire/Tmut/Pois 0%         N/A       100%        3
 Inner Flame              Hex/Fire       0%         N/A       100%        3
 Ozocubu's Armour         Ice            0%         N/A       100%        3
 Sigil of Binding         Hex            0%         N/A       100%        3
 Stone Arrow              Conj/Erth      0%         3d7       100%        3
 Teleport Other           Tloc           0%         N/A       100%        3
 Tukima's Dance           Hex            0%         N/A       100%        3
 Vampiric Draining        Necr           0%         2d6       100%        3
 Airstrike                Air            0%         2d(0-16)  100%        4
 Anguish                  Hex/Necr       0%         N/A       100%        4
 Animate Armour           Summ/Erth      0%         N/A       100%        4
 Animate Dead             Necr           0%         N/A       100%        4
 Cause Fear               Hex            0%         N/A       100%        4
 Dimensional Bullseye     Hex/Tloc       0%         N/A       100%        4
 Dispel Undead            Necr           0%         3d6       100%        4
 Flame Wave               Conj/Fire      0%         2d4       100%        4
 Fulminant Prism          Conj/Hex       0%         3d5       100%        4
 Leda's Liquefaction      Hex/Erth       0%         N/A       100%        4
 Manifold Assault         Tloc           0%         N/A       100%        4
 Passage of Golubria      Tloc           0%         N/A       100%        4
 Petrify                  Tmut/Erth      0%         N/A       100%        4
 Sticky Flame             Conj/Fire      0%         2d3       100%        4
 Summon Ice Beast         Ice/Summ       0%         N/A       100%        4
 Summon Lightning Spire   Summ/Air       0%         N/A       100%        4
 Alistair's Intoxication  Tmut/Pois      0%         N/A       100%        5
 Borgnjor's Vile Clutch   Necr/Erth      0%         N/A       100%        5
 Fireball                 Conj/Fire      0%         3d3       100%        5
 Freezing Cloud           Conj/Ice/Air   0%         6-21      100%        5
 Irradiate                Conj/Tmut      0%         3d11      100%        5
 Lee's Rapid Deconstruct  Erth           0%         3d4*      100%        5
 Yara's Violent Unravell  Hex/Tmut       0%         3d3       100%        5
 Conjure Ball Lightning   Conj/Air       0%         3x3d6     100%        6
 Death Channel            Necr           0%         N/A       100%        6
 Dispersal                Tloc           0%         N/A       100%        6
 Eringya's Noxious Bog    Tmut/Pois      0%         4d6       100%        6
 Leda's Unmaking          Conj/Erth      0%         9d1       100%        6
 Simulacrum               Ice/Necr       0%         N/A       100%        6
 Starburst                Conj/Fire      0%         6d3       100%        6
 Summon Cactus Giant      Summ           0%         N/A       100%        6
 Enfeeble                 Hex            0%         N/A       100%        7
 Malign Gateway           Summ/Tloc      0%         N/A       100%        7
 Ozocubu's Refrigeration  Ice            0%         4d7       100%        7
 Discord                  Hex            0%         N/A       100%        8
 Disjunction              Tloc           0%         N/A       100%        8
 Ignition                 Fire           0%         3d3       100%        8
 Lehudib's Crystal Spear  Conj/Erth      0%         10d2      100%        8
 Summon Horrible Things   Summ           0%         N/A       100%        8
 Chain Lightning          Conj/Air       0%         N/A       100%        9
 Dragon's Call            Summ           0%         N/A       100%        9
 Fire Storm               Conj/Fire      0%         5d1       100%        9
 Shatter                  Erth           0%         3d5*      100%        9


Dungeon Overview and Level Annotations

Branches:
Dungeon (15/15)            Temple (0/1) D:4            Lair (5/5) D:9
  Swamp (4/4) Lair:3        Snake (4/4) Lair:2        Slime (0/5) Lair:4
    Orc (2/2) D:10            Elf (3/3) Orc:2        Vaults (5/5) D:13
  Crypt (0/3) Vaults:3     Depths (4/4) D:15            Zot (5/5) Depths:4
 Bailey (visited)           IceCv (visited)

Shops:
D:7 !   D:14 [   Orc:2 [[:(   Elf:2 *   Snake:2 :   Vaults:1 [   Vaults:2 [
Vaults:4 (   Depths:1 ?   Depths:3 :==[?   Depths:4 (

Portals:
Hell: Depths:1 Depths:2 Depths:3 Depths:4
Abyss: Depths:1 Depths:2 Depths:3
Pandemonium: Depths:2 Depths:4
Ziggurat: Depths:2

Annotations:
Lair:4 1 runed translucent door
Vaults:2 Zenata


Innate Abilities, Weirdness & Mutations

You have an increased reservoir of magic. (+10% MP)
You shall have no god before yourself.
Your divine heritage dramatically boosts your attributes as you level up.
Your body sometimes deteriorates upon taking damage.
Your natural rate of healing is unusually fast.
You are weak. (Str -2)


Message History

You slice the hellion!! You freeze the hellion.
You kill the hellion!
What level of the Dungeon? (default 1, ? - help)
A green death comes into view.
There is a stone staircase leading up here.
You climb upwards.
There is a stone staircase leading down here.
What level of the Dungeon? (default 1, ? - help)
There is a stone staircase leading up here.
You climb upwards.
There is a stone staircase leading down here.
There is an escape hatch in the ceiling here.
A mysterious force pulls you upwards. The hatch slams shut behind you.
There is a stone staircase leading up here.
You climb upwards.
There is a stone staircase leading down here.
There is a stone staircase leading up here.
You climb upwards.
There is a stone staircase leading down here.
There is a stone staircase leading up here.
You climb upwards.
There is a stone staircase leading down here.
You see here 4 stones.
There is an open door here.
A great orb of eyes comes into view.
The great orb of eyes gazes at you. You resist with almost no effort.
You slash the great orb of eyes! You freeze the great orb of eyes.
The great orb of eyes is moderately wounded.
You slash the great orb of eyes! You freeze the great orb of eyes.
The great orb of eyes is heavily wounded.
The great orb of eyes gazes at you. You resist with almost no effort.
You slice the great orb of eyes!! You freeze the great orb of eyes.
The great orb of eyes is almost dead.
The great orb of eyes bites you but does no damage.
You slash the great orb of eyes! You freeze the great orb of eyes.
You kill the great orb of eyes!
There is a staircase leading out of the dungeon here.
You have escaped!

#># #.. #.# #.#
#.# #.# ### #.#
########### ###
#Z#Z#Z#Z#Z#####
############Z#Z##
##..........#####Z
#@..............##
##......#######...
########^#Z#Z####
#^#Z#^#######^#Z
####### #### ###
#### #.# #..# #.#
#..# #.# ###..#


You could see a minotaur skeleton.

Vanquished Creatures
  8 dread liches
  3 ancient liches (Zot:5)
  The ghost of Ningol the Minotaur Barricade, a legendary MiFi of the Shining One (Zot:3)
  Mennas (Depths:4)
  2 orbs of fire (Zot:5)
  A juggernaut (Depths:2)
  The ghost of Luec the Sorcerer, a veteran DjFE of Hepliaklqana (Depths:4)
  Sojobo (Vaults:4)
  Bai Suzhen (Vaults:4)
  10 Killer Klowns
  2 curse toes
  Vashnia (Snake:4)
  Saint Roka (Vaults:4)
  A caustic shrike (Depths:3)
  12 golden dragons
  A bone dragon (Depths:4)
  An iron giant (Zot:3)
  3 electric golems
  18 tentacled monstrosities
  Rupert (Lair:5)
  Jorgrun (Orc:2)
  26 Orb Guardians
  Asterion (Vaults:2)
  3 liches
  2 deep elf master archers (Elf:3)
  4 quicksilver dragons
  A sphinx (shapeshifter) (Depths:3)
  4 deep elf blademasters
  8 titans
  3 walking divine tomes
  10 sphinxes
  9 death cobs
  2 thorn hunters
  An eldritch tentacle (Depths:4)
  Roxanne (Elf:1)
  8 shadow dragons
  13 draconian monks
  The ghost of GordonOverkill the Eclecticist, an adept DEDe of Vehumet (Snake:4)
  8 tengu reavers
  A fenstrider witch (Swamp:2)
  Aizul (Vaults:1)
  16 storm dragons
  The ghost of Kerestru the Warrior, an adept GrFi of Jiyva (Elf:1)
  8 draconian knights
  A nagaraja (Snake:2)
  5 fire giants
  16 vault wardens
  5 draconian scorchers
  9 deep elf sorcerers
  3 ghost moths
  Louise (Snake:3)
  3 frost giants
  2 iron dragons
  4 spectral caustic shrikes (Depths:2)
  An orc warlord (Vaults:2)
  5 deep elf elementalists (Elf:3)
  A balrug (Depths:4)
  6 draconian shifters
  9 draconian stormcallers
  4 angels (Zot:4)
  2 spriggan defenders (Depths:4)
  A draconian annihilator (Zot:1)
  6 war gargoyles
  12 stone giants
  13 ironbound preservers
  A formless jellyfish (shapeshifter) (Elf:1)
  4 formless jellyfish
  11 very ugly things
  A reaper (IceCv)
  4 ironbound thunderhulks
  3 vampire knights
  2 deep elf demonologists
  13 green draconians
  An eleionoma (shapeshifter) (Zot:4)
  A minotaur (D:12)
  6 purple draconians
  8 white draconians
  13 deep elf annihilators
  13 dire elephants
  8 black draconians
  2 eleionomae
  14 red draconians
  16 spark wasps
  7 bunyips
  11 yellow draconians
  4 deep elf death magi
  9 ettins
  An eidolon (Vaults:3)
  The ghost of Wonecvov the Carver, a journeyman DsBe of Trog (D:12)
  A blizzard demon (D:13)
  6 entropy weavers
  8 deep elf high priests
  14 yaktaur captains
  3 fire dragons
  Harold (Orc:1)
  3 shambling mangroves
  4 great orbs of eyes
  4 ice dragons
  25 hydras
  A ghost crab (Swamp:1)
  2 rakshasas
  A hell beast (Elf:2)
  5 spriggan air magi
  A peacekeeper (Vaults:2)
  4 salamander tyrants
  4 alligators
  15 anacondas
  A jorogumo (shapeshifter) (Vaults:5)
  37 vault guards
  7 ironbound frosthearts
  3 two-headed ogres
  7 deep troll shamans
  5 catoblepae
  10 centaur warriors
  A death knight (Vaults:3)
  11 boulder beetles
  16 naga warriors
  3 tengu warriors
  9 deep troll earth magi
  10 death yaks
  4 vampire magi
  39 dancing weapons
  7 spriggan berserkers
  10 shock serpents
  3 orc high priests (Orc:2)
  A shock serpent (shapeshifter) (D:15)
  A soul eater (Zot:1)
  The ghost of Thargor the Thaumaturge, a journeyman DEHW of Sif Muna (Orc:2)
  19 naga sharpshooters
  17 deep elf knights
  A sun demon (Depths:4)
  A titan skeleton (Depths:2)
  4 skysharks
  5 salamander mystics
  3 goliath frogs
  3 iron trolls
  A spriggan druid (Swamp:4)
  2 glowing orange brains
  2 skeletal warriors (D:15)
  43 deep trolls
  A death drake (shapeshifter) (Vaults:5)
  A deep troll (shapeshifter) (Vaults:5)
  A flayed ghost (Depths:2)
  8 naga ritualists
  A death drake (Swamp:1)
  11 swamp dragons
  Pikel (D:4)
  2 bog bodies
  19 deep elf archers
  30 deep elf zephyrmancers
  16 lindwurms
  4 necromancers
  9 wizards
  2 obsidian statues
  5 harpies
  7 phantasmal warriors
  22 ironbound convokers
  32 deep elf pyromancers
  27 ugly things
  20 mana vipers
  9 orc sorcerers
  4 oklob plants (Lair:5)
  13 orc knights
  A fire giant zombie (D:15)
  5 cyclopes
  3 will-o-the-wisps
  21 moths of wrath
  A stone giant zombie (D:15)
  21 salamanders
  17 manticores
  Maurice (D:11)
  11 vault sentinels
  14 elephants
  17 naga magi
  12 guardian serpents
  35 black mambas
  A water nymph (shapeshifter) (Vaults:2)
  Maggie (D:8)
  An ice statue (IceCv)
  A human zombie (Vaults:3)
  5 unseen horrors
  A torpor snail (Lair:5)
  16 cane toads
  3 gargoyles
  A hellion (D:7)
  A smoke demon (Depths:4)
  2 kobold demonologists
  An efreet (D:14)
  24 yaktaurs
  A human skeleton (Vaults:3)
  An anaconda simulacrum (IceCv)
  Jeremiah (Lair:1)
  2 freezing wraiths
  12 komodo dragons
  4 ice devils
  4 tengu conjurers
  2 rime drakes
  10 trolls
  3 bloated husks
  4 polar bears
  12 tyrant leeches
  A wolf spider simulacrum (D:14)
  An ettin zombie (D:15)
  29 hornets
  2 tarantellas
  9 blink frogs (Lair:2)
  A spriggan zombie (D:15)
  22 slime creatures
  An iron dragon simulacrum (Depths:2)
  A jumping spider (Vaults:3)
  A jumping spider (shapeshifter) (Vaults:5)
  4 shadows
  11 water elementals
  6 air elementals
  A culicivora (Vaults:4)
  3 wraiths
  2 yaks (shapeshifter)
  44 yaks
  8 spriggans
  A wyvern (shapeshifter) (Vaults:2)
  A wyvern (Lair:5)
  A dire elephant simulacrum (IceCv)
  19 vampire mosquitoes
  Grum (Lair:1)
  8 basilisks
  A fire elemental (Elf:1)
  8 redbacks
  A redback (shapeshifter) (Vaults:2)
  A steam dragon (shapeshifter) (D:15)
  2 steam dragons
  2 death yak simulacra (IceCv)
  A harpy simulacrum (IceCv)
  11 swamp worms
  3 wargs
  3 acid dragons
  41 nagas
  14 water moccasins
  4 hell hounds (Elf:2)
  A floating eye (Zot:3)
  42 orc warriors
  2 glowing shapeshifter skeletons
  A hydra simulacrum (IceCv)
  6 swamp drakes
  3 sky beasts
  2 black bears
  A meliai simulacrum (D:14)
  The ghost of SkaryMonk the Grasshopper, an amateur AtWr (D:3)
  2 ice beasts
  6 ogres
  14 wolves
  5 boggarts
  7 centaurs
  2 phantoms (D:5)
  6 kobold brigands
  9 bullfrogs
  2 gnoll sergeants
  3 earth elementals
  3 scorpions
  9 two-headed ogre simulacra (IceCv)
  A cane toad simulacrum (IceCv)
  7 wights
  4 elephant simulacra (IceCv)
  2 jellies
  26 killer bees
  7 howler monkeys
  A vampire bat (Orc:2)
  4 electric eels
  2 gnoll boudas
  26 orc priests
  9 hounds
  A sleepcap (D:4)
  3 iguanas (D:6)
  24 orc wizards
  6 hell rats (Lair:5)
  A polar bear simulacrum (IceCv)
  3 troll simulacra (IceCv)
  5 spriggan simulacra (IceCv)
  A wolf simulacrum (IceCv)
  23 gnolls
  4 adders
  8 naga simulacra (IceCv)
  6 river rats (D:5)
  8 white imps
  9 ufetubi
  An adder skeleton (D:2)
  An adder zombie (D:2)
  5 worms
  111 orcs
  4 ball pythons
  13 bats
  7 endoplasms
  4 giant cockroaches
  11 goblins
  5 hobgoblins
  17 quokkas
  A ball python skeleton (D:2)
  3 frilled lizards
  A giant cockroach zombie (D:2)
  18 kobolds
  A quokka zombie (D:2)
  20 rats
  A butterfly (Zot:4)
  2 spectral weapons (Vaults:2)
2187 creatures vanquished.

Vanquished Creatures (collateral kills)
  2 orcs (D:3)
2 creatures vanquished.

Vanquished Creatures (others)
  Boris (Depths:4)
  A shadow dragon (Zot:5)
  A draconian knight (Zot:1)
  A fire giant (Depths:1)
  2 vampire knights
  A white draconian (Zot:5)
  3 deep elf knights (Elf:2)
  A lindwurm (Swamp:4)
  A bog body (Swamp:2)
  A wizard (Depths:1)
  2 bloated husks
  A wyvern (Elf:2)
  10 foxfires
26 creatures vanquished.

Grand Total: 2215 creatures vanquished

Notes
Turn   | Place    | Note
-------+----------+-------------------------------------------
     0 | D:5      | GordonOverkill the Demigod Delver began the quest for the
                  | Orb.
     0 | D:5      | Reached XP level 1. HP: 18/18 MP: 3/3
    18 | D:6      | Noticed an orc priest
    18 | D:6      | Noticed a hound
    28 | D:6      | Killed a hound
    29 | D:6      | Reached XP level 2. HP: 12/25 MP: 4/4
   116 | D:6      | Reached XP level 3. HP: 13/30 MP: 5/5
   186 | D:6      | Noticed a troll
   250 | D:4      | Found a staircase to the Ecumenical Temple.
   281 | D:4      | Reached XP level 4. HP: 37/37 MP: 6/6
   497 | D:3      | Found a runed translucent gate.
   497 | D:3      | Found a runed translucent gate.
   498 | D:3      | Found a runed translucent gate.
   528 | D:3      | Noticed SkaryMonk's ghost (amateur AtWr)
  1634 | D:2      | Got an innocuous book
  1726 | D:2      | Reached skill level 5 in Axes
  1726 | D:2      | Reached XP level 5. HP: 42/42 MP: 7/7
  3344 | D:3      | Killed SkaryMonk's ghost
  3345 | D:3      | Reached XP level 6. HP: 40/50 MP: 8/8
  3561 | D:4      | Noticed Pikel
  3572 | D:4      | Killed Pikel
  3573 | D:4      | Reached XP level 7. HP: 32/56 MP: 9/9
  4401 | D:5      | Reached XP level 8. HP: 62/62 MP: 10/10
  4679 | D:5      | Reached skill level 10 in Axes
  4679 | D:5      | Reached skill level 3 in Fighting
  4934 | D:5      | Reached skill level 4 in Fighting
  5258 | D:6      | Reached skill level 5 in Fighting
  5281 | D:6      | Reached skill level 1 in Evocations
  5360 | D:6      | Killed a troll
  5505 | D:6      | Reached XP level 9. HP: 74/74 MP: 11/11
  6139 | D:7      | Reached skill level 5 in Evocations
  6148 | D:7      | Reached skill level 1 in Shields
  6295 | D:7      | Found a large runed translucent door.
  6295 | D:7      | Found a large runed translucent door.
  6335 | D:7      | Noticed a manticore
  6357 | D:7      | Found a large runed translucent door.
  6378 | D:7      | Reached skill level 5 in Shields
  6393 | D:7      | Reached skill level 1 in Armour
  6410 | D:7      | Found a large runed translucent door.
  6410 | D:7      | Noticed a manticore
  6729 | D:7      | Found Zyrruv's Distillery.
  6749 | D:7      | Bought a potion of curing for 36 gold pieces
  6749 | D:7      | Bought 2 potions of curing for 72 gold pieces
  6749 | D:7      | Bought a potion of heal wounds for 60 gold pieces
  6749 | D:7      | Bought a potion of resistance for 120 gold pieces
  6927 | D:7      | Found the brooch of Shielding {Spirit SH+8}
  7000 | D:7      | Noticed a gargoyle
  7018 | D:7      | Killed a gargoyle
  7019 | D:7      | Reached XP level 10. HP: 50/81 MP: 13/13
  7254 | D:7      | Killed a manticore
  7255 | D:7      | Reached skill level 5 in Armour
  7259 | D:7      | Killed a manticore
  8534 | D:8      | Noticed Maggie
  8539 | D:8      | Killed Maggie
  8890 | D:9      | Found a staircase to the Lair.
  9127 | D:9      | Found a flagged portal.
  9130 | D:9      | Noticed a two-headed ogre
  9140 | D:9      | Killed a two-headed ogre
  9154 | Bailey   | Entered a bailey
  9418 | Bailey   | Noticed an orc knight
  9437 | Bailey   | Killed an orc knight
  9449 | Bailey   | Reached XP level 11. HP: 59/86 MP: 10/14
  9540 | Bailey   | Reached XP level 12. HP: 94/94 MP: 15/15
  9738 | D:9      | Identified the +0 leather armour of Entitlement {Rampage
                  | rPois Str-3}
 10464 | D:10     | Entered Level 10 of the Dungeon
 10619 | D:10     | Noticed a boulder beetle
 10633 | D:10     | Killed a boulder beetle
 10774 | D:10     | Noticed a centaur warrior
 10792 | D:10     | Killed a centaur warrior
 10796 | D:10     | Reached skill level 10 in Shields
 11050 | D:10     | Noticed a six-headed hydra
 11063 | D:10     | Killed a seven-headed hydra
 11135 | D:10     | Found a staircase to the Orcish Mines.
 11464 | D:10     | Identified the +5 scale mail of the Beginning {Dex+2}
 11469 | D:10     | Found the +6 Majin-Bo {spellvamp, MP+6 Int+6}
 11935 | Lair:1   | Entered Level 1 of the Lair of Beasts
 12183 | Lair:1   | Noticed Jeremiah
 12199 | Lair:1   | Killed Jeremiah
 12344 | Lair:1   | Reached skill level 6 in Fighting
 12713 | Lair:1   | Noticed Grum
 12729 | Lair:1   | Killed Grum
 13195 | Lair:2   | Reached skill level 7 in Fighting
 13195 | Lair:2   | Reached XP level 13. HP: 104/105 MP: 16/16
 13422 | Lair:2   | Reached skill level 8 in Fighting
 13581 | Lair:2   | Reached skill level 9 in Fighting
 13649 | Lair:2   | Found a staircase to the Snake Pit.
 14566 | Lair:3   | Reached skill level 10 in Fighting
 15231 | Lair:3   | Found a staircase to the Swamp.
 15885 | Lair:4   | Found a runed translucent door.
 15886 | Lair:4   | Noticed an azure jelly
 15886 | Lair:4   | Noticed an azure jelly
 16061 | Lair:4   | Noticed an azure jelly
 16062 | Lair:4   | Found a staircase to the Slime Pits.
 16062 | Lair:4   | Noticed an azure jelly
 16171 | Lair:5   | Entered Level 5 of the Lair of Beasts
 16171 | Lair:5   | Noticed Rupert
 16608 | Lair:5   | Found a frozen archway.
 16646 | IceCv    | Entered an ice cave
 16808 | IceCv    | Identified a scroll of acquirement
 16808 | IceCv    | Acquired a +5 antimagic broad axe
 17072 | IceCv    | Reached XP level 14. HP: 121/121 MP: 17/17
 17316 | IceCv    | Noticed a reaper
 17342 | IceCv    | Killed a reaper
 17343 | IceCv    | Reached skill level 10 in Armour
 17492 | IceCv    | Got a moth-eaten book
 17824 | Lair:5   | Reached skill level 10 in Evocations
 18060 | Lair:5   | Identified the +7 kite shield of Leaves {rN+ rCorr}
 19006 | Lair:5   | Reached skill level 15 in Axes
 19116 | Lair:5   | Paralysed by Rupert for 3 turns
 19123 | Lair:5   | Paralysed by Rupert for 3 turns
 19158 | Lair:5   | Paralysed by Rupert for 4 turns
 19174 | Lair:5   | Killed Rupert
 20302 | D:11     | Noticed Maurice
 20313 | D:11     | Killed Maurice
 21095 | D:12     | Noticed Wonecvov's ghost (journeyman DsBe)
 21124 | D:12     | Found a runed translucent gate.
 21124 | D:12     | Found a runed translucent gate.
 21124 | D:12     | Found a runed translucent gate.
 21157 | D:12     | Killed Wonecvov's ghost
 22155 | D:13     | Noticed an ironbound preserver
 22167 | D:13     | Killed an ironbound preserver
 22168 | D:13     | Reached XP level 15. HP: 118/126 MP: 18/18
 22244 | D:13     | Found a gate to the Vaults.
 24031 | D:14     | Found Homiesemn's Armour Boutique.
 24491 | D:15     | Entered Level 15 of the Dungeon
 24687 | D:15     | Found a staircase to the Depths.
 25070 | D:14     | Identified the +8 war axe "Xezih" {freeze, *Rage +Blink
                  | Stlth+}
 26128 | Orc:1    | Entered Level 1 of the Orcish Mines
 26198 | Orc:2    | Entered Level 2 of the Orcish Mines
 26323 | Orc:1    | Reached skill level 11 in Fighting
 26324 | Orc:1    | You fall into a shaft and drop 1 floor!
 26334 | Orc:2    | Noticed Jorgrun
 26348 | Orc:2    | Killed Jorgrun
 26667 | Orc:2    | Found Riri's Armour Shoppe.
 26667 | Orc:2    | Found Anocem's Weapon Boutique.
 26689 | Orc:2    | Found Xumnisug's Armour Shoppe.
 26689 | Orc:2    | Found Quuniut's Book Boutique.
 26717 | Orc:2    | Found a staircase to the Elven Halls.
 26747 | Orc:2    | Reached skill level 12 in Fighting
 26849 | Orc:2    | Found a runed translucent gate.
 26849 | Orc:2    | Found a runed translucent gate.
 26849 | Orc:2    | Found a runed translucent gate.
 26849 | Orc:2    | Noticed Thargor's ghost (journeyman DEHW)
 27288 | Orc:2    | Killed Thargor's ghost
 27583 | Orc:1    | Noticed Harold
 27594 | Orc:1    | Killed Harold
 28400 | Snake:1  | Entered Level 1 of the Snake Pit
 28544 | Snake:1  | Reached XP level 16. HP: 141/141 MP: 19/19
 28647 | Snake:1  | Reached skill level 13 in Fighting
 29733 | Snake:2  | Reached skill level 14 in Fighting
 30168 | Snake:2  | Found Yjoucvur's Self-Published Books.
 31243 | Snake:3  | Reached skill level 15 in Fighting
 31550 | Snake:3  | Identified the +0 leather armour "Sofe" {rPois}
 32080 | Snake:3  | Noticed Louise
 32114 | Snake:3  | Killed Louise
 32709 | Snake:4  | Entered Level 4 of the Snake Pit
 32933 | Snake:4  | Reached XP level 17. HP: 155/156 MP: 18/20
 33233 | Snake:4  | Found a runed translucent door.
 33234 | Snake:4  | Noticed GordonOverkill's ghost (adept DEDe)
 33235 | Snake:4  | Identified the +3 great sword of Ignis, Crafting {chaos,
                  | Dex+3}
 33323 | Snake:4  | Killed GordonOverkill's ghost
 34181 | Snake:4  | Reached skill level 5 in Dodging
 34445 | Snake:4  | Acquired a manual of Armour
 34534 | Snake:4  | Noticed Vashnia
 34567 | Snake:4  | Killed Vashnia
 34898 | Snake:4  | Got a serpentine rune of Zot
 35359 | Vaults:1 | Entered Level 1 of the Vaults
 35363 | Vaults:1 | Found Ygocleqa's Armour Shoppe.
 35521 | Vaults:1 | Identified the +6 scale mail of Tomorrow {rElec Will-
                  | Regen+ Stlth+}
 36465 | Vaults:1 | Reached skill level 15 in Armour
 36967 | Vaults:1 | Reached XP level 18. HP: 163/163 MP: 21/21
 37248 | Vaults:1 | Noticed Aizul
 37261 | Vaults:1 | Killed Aizul
 37949 | Vaults:2 | Reached skill level 16 in Fighting
 38476 | Vaults:2 | Noticed Zenata
 38717 | Vaults:2 | Noticed Asterion
 38728 | Vaults:2 | Killed Asterion
 38937 | Vaults:2 | Found Qeezo's Armour Emporium.
 38949 | Vaults:2 | Reached skill level 17 in Fighting
 39084 | Vaults:2 | Bought the +0 pair of gloves of Dogma {Will+} for 342 gold
                  | pieces
 39413 | Vaults:2 | Noticed a tentacled monstrosity
 39414 | Vaults:2 | Found the +8 storm bow {elec, penet}
 39565 | Vaults:2 | Killed a tentacled monstrosity
 39985 | Vaults:3 | Reached skill level 18 in Fighting
 40181 | Vaults:3 | Identified the ring "Esori" {MP+9 Str+4}
 40516 | Vaults:3 | Identified the +0 robe of the Furrier {rPois rC+ Regen+
                  | Dex+2}
 40958 | Vaults:3 | Reached XP level 19. HP: 180/181 MP: 22/22
 40974 | Vaults:3 | You fall into a shaft and drop 1 floor!
 41019 | Vaults:4 | Noticed Saint Roka
 41045 | Vaults:4 | Killed Saint Roka
 41046 | Vaults:4 | Reached skill level 19 in Fighting
 41428 | Vaults:4 | Noticed Sojobo
 41446 | Vaults:4 | Killed Sojobo
 41538 | Vaults:4 | Noticed Bai Suzhen
 41554 | Vaults:4 | Killed Bai Suzhen
 41933 | Vaults:4 | Found Koghobie's Weapon Boutique.
 42264 | Vaults:4 | Reached skill level 20 in Fighting
 42568 | Vaults:3 | Found a staircase to the Crypt.
 43222 | Swamp:1  | Entered Level 1 of the Swamp
 44423 | Swamp:2  | Identified the +5 ring mail of Uhayfy {rPois Int+4 Slay-4
                  | SInv}
 45382 | Swamp:4  | Entered Level 4 of the Swamp
 45495 | Swamp:4  | Reached skill level 15 in Shields
 46056 | Swamp:4  | Got a decaying rune of Zot
 47013 | Depths:1 | Entered Level 1 of the Depths
 47175 | Elf:1    | Entered Level 1 of the Elven Halls
 47272 | Elf:1    | Reached XP level 20. HP: 184/195 MP: 22/24
 47365 | Elf:1    | You fall into a shaft and drop 1 floor!
 47367 | Elf:2    | Paralysed by an air elemental for 1 turns
 47494 | Elf:2    | Reached skill level 21 in Fighting
 47601 | Elf:2    | Paralysed by an air elemental for 1 turns
 48604 | Elf:1    | Noticed Roxanne
 48606 | Elf:1    | Found a runed translucent gate.
 48607 | Elf:1    | Found a runed translucent gate.
 48607 | Elf:1    | Found a runed translucent gate.
 48621 | Elf:1    | Killed Roxanne
 48931 | Elf:1    | Reached skill level 22 in Fighting
 48959 | Elf:1    | Identified the +3 short sword "Jusaomom" {freeze, rF+ rN++}
 49069 | Elf:1    | Identified the +2 long sword of Beogh's Scorn {freeze,
                  | Fragile rElec rF+ Stlth+}
 49492 | Elf:2    | Found a runed translucent gate.
 49492 | Elf:2    | Found a runed translucent gate.
 49492 | Elf:2    | Found a runed translucent gate.
 49534 | Elf:2    | Found a runed translucent gate.
 49534 | Elf:2    | Found a runed translucent gate.
 49534 | Elf:2    | Found a runed translucent gate.
 49537 | Elf:2    | Noticed Kerestru's ghost (adept GrFi)
 49539 | Elf:2    | Found Tankir's Assorted Antiques.
 49568 | Elf:1    | Killed Kerestru's ghost
 49635 | Elf:2    | Bought a scroll of blinking for 180 gold pieces
 49635 | Elf:2    | Bought a potion of might for 96 gold pieces
 49635 | Elf:2    | Bought a scroll of teleportation for 72 gold pieces
 49635 | Elf:2    | Bought a scroll of revelation for 180 gold pieces
 49645 | Elf:2    | Identified the +0 chain mail of Relativism {Will+ Regen+}
 50584 | Elf:3    | Entered Level 3 of the Elven Halls
 50585 | Elf:3    | Paralysed by an air elemental for 1 turns
 50622 | Elf:3    | Paralysed by an air elemental for 1 turns
 50630 | Elf:3    | Reached skill level 23 in Fighting
 50761 | Elf:3    | Identified the +9 ring mail "Lumiun" {rPois rF- rC- Regen+}
 50782 | Elf:3    | Paralysed by an air elemental for 1 turns
 51204 | Elf:3    | Identified the +6 chain mail of Whack-A-Mole {rN+ Will-
                  | Str+4}
 51205 | Elf:3    | Identified the ring of Gojoch {rPois rF+ rC+ Will+ Dex+4}
 51209 | Elf:3    | Identified the +1 robe of Ethereal Liberty {-Cast Rampage
                  | rPois Str-4}
 51255 | Elf:3    | Identified the +5 halberd of Terra Cotta {venom, *Slow
                  | rElec rF++ Str+4}
 51300 | Elf:3    | Reached XP level 21. HP: 56/212 MP: 11/25
 51343 | Elf:3    | Identified the +9 scimitar of Yrpheac {holy, rN+ Str+2}
 51829 | Elf:3    | Identified the +1 sling of the Six Knives {flame, rElec rF-
                  | rC+ rN++}
 51945 | Elf:3    | Identified the staff "Damoox" {rF+ Str-4 Stlth+ Fire
                  | Poison}
 51978 | Elf:3    | Got a murmuring book
 52345 | Depths:1 | Found a one-way gate to the infinite horrors of the Abyss.
 52404 | Depths:1 | Identified the +3 leather armour "Joimaupp" {Stlth+}
 52741 | Depths:1 | Found The Oracle's Delphic Readings.
 52745 | Depths:1 | Bought a scroll of summoning for 104 gold pieces
 52745 | Depths:1 | Bought a scroll of fear for 44 gold pieces
 52745 | Depths:1 | Bought a scroll of fear for 44 gold pieces
 52836 | Depths:1 | Reached skill level 24 in Fighting
 52853 | Depths:1 | Identified the +0 sling of Wariness {drain, MP+9 Stlth+}
 52874 | Depths:1 | Found a gateway to Hell.
 53508 | Depths:2 | Found a one-way gateway to a ziggurat.
 53726 | Depths:2 | Noticed a juggernaut
 53736 | Depths:2 | Killed a juggernaut
 53749 | Depths:2 | Noticed a caustic shrike
 53820 | Depths:2 | Found a flickering gateway to a bazaar.
 53841 | Bazaar   | Entered a bazaar
 53841 | Bazaar   | Found Locof's Antique Weapon Emporium.
 53977 | Bazaar   | Found Upnuiwn's General Store.
 53985 | Bazaar   | Bought a scroll of fear for 44 gold pieces
 53985 | Bazaar   | Bought a potion of invisibility for 88 gold pieces
 53985 | Bazaar   | Found Ycries's Distillery.
 53992 | Bazaar   | Bought a potion of resistance for 90 gold pieces
 53992 | Bazaar   | Bought a potion of enlightenment for 45 gold pieces
 53992 | Bazaar   | Bought a potion of curing for 27 gold pieces
 53992 | Bazaar   | Bought a potion of enlightenment for 45 gold pieces
 53992 | Bazaar   | Bought a potion of might for 36 gold pieces
 53992 | Bazaar   | Bought a potion of mutation for 72 gold pieces
 53992 | Bazaar   | Found Ytekh's Antique Weapon Emporium.
 54028 | Bazaar   | Found Zicvanapn's Armour Boutique.
 54036 | Bazaar   | Bought the +0 pair of gloves "Bain" {rN+ Dex-4 SInv} for
                  | 161 gold pieces
 54254 | Depths:2 | Reached skill level 25 in Fighting
 54904 | Depths:2 | Found a one-way gate leading to the halls of Pandemonium.
 55583 | Depths:3 | Found Ukaech's Magic Scroll Shop.
 55591 | Depths:3 | Bought a scroll of revelation for 127 gold pieces
 55591 | Depths:3 | Bought a scroll of teleportation for 51 gold pieces
 55591 | Depths:3 | Bought a scroll of teleportation for 51 gold pieces
 55591 | Depths:3 | Bought 2 scrolls of teleportation for 102 gold pieces
 55591 | Depths:3 | Bought a scroll of teleportation for 51 gold pieces
 55591 | Depths:3 | Bought a scroll of fog for 68 gold pieces
 55868 | Depths:3 | Noticed a golden dragon
 55883 | Depths:3 | Killed a golden dragon
 56015 | Depths:3 | Noticed a caustic shrike
 56026 | Depths:3 | Killed a caustic shrike
 56134 | Depths:3 | Found Cishruv's Antique Armour Emporium.
 56165 | Depths:3 | Found Duacwu Laqusch's Jewellery Shoppe.
 56279 | Depths:3 | Found Gihiran's Jewellery Shoppe.
 56775 | Depths:3 | Found Deis's Book Boutique.
 56981 | Depths:4 | Entered Level 4 of the Depths
 57131 | Depths:4 | Reached skill level 26 in Fighting
 57367 | Depths:4 | Noticed Boris
 57381 | Depths:4 | Killed Boris
 57389 | Depths:4 | Reached XP level 22. HP: 109/228 MP: 13/26
 57684 | Depths:4 | Found a gate to the Realm of Zot.
 58423 | Depths:4 | Noticed Mennas
 58453 | Depths:4 | Killed Mennas
 58591 | Depths:4 | Found a runed translucent door.
 58905 | Depths:4 | Found Meusch's Weapon Boutique.
 59088 | Depths:4 | Bought the +16 obsidian axe {drain, demonic, Mesm Drain Fly
                  | SInv} for 1328 gold pieces
 59088 | Depths:4 | Found the +16 obsidian axe {drain, demonic, Mesm Drain Fly
                  | SInv}
 59285 | Depths:4 | Noticed Luec's ghost (veteran DjFE)
 59313 | Depths:4 | Killed Luec's ghost
 59320 | Depths:4 | Got a decrepit book
 59758 | Vaults:5 | Entered Level 5 of the Vaults
 59782 | Vaults:4 | Reached skill level 27 in Fighting
 60868 | Vaults:5 | Identified the +4 arbalest "Killer Bee's Bane" {heavy,
                  | Contam rElec Dex+5}
 61414 | Vaults:5 | Identified the +7 long sword of Jonuximi {protect, rC+ MP+9
                  | Str-5 Stlth+}
 61736 | Vaults:5 | Got a silver rune of Zot
 62172 | Vaults:5 | Reached XP level 23. HP: 240/240 MP: 27/27
 62257 | Vaults:5 | Identified the +1 cloak of Generosity {rElec}
 63143 | Vaults:5 | Identified the +1 leather armour of the Beloved God
                  | {Rampage rF++ rC+ Str-2}
 63519 | Zot:1    | Entered Level 1 of the Realm of Zot
 65376 | Zot:1    | Got a glossy book
 65407 | Zot:1    | Got a dog-eared book
 65827 | Zot:2    | Identified the +8 chain mail of Xourits {*Slow rF++ Dex+2}
 67791 | Zot:3    | Noticed Ningol's ghost (legendary MiFi)
 67803 | Zot:3    | Found a runed translucent door.
 67816 | Zot:3    | Noticed a dread lich
 67830 | Zot:3    | Killed a dread lich
 67831 | Zot:3    | Noticed a dread lich
 67832 | Zot:3    | Noticed a dread lich
 67834 | Zot:3    | Noticed a dread lich
 68386 | Zot:4    | Noticed a Killer Klown
 68393 | Zot:4    | Noticed a Killer Klown
 68398 | Zot:4    | Killed a Killer Klown
 68447 | Zot:4    | Reached XP level 24. HP: 204/249 MP: 27/27
 68874 | Zot:4    | Killed a Killer Klown
 69511 | Zot:3    | Noticed a dread lich
 69524 | Zot:3    | Killed a dread lich
 69610 | Zot:3    | Killed Ningol's ghost
 69684 | Zot:3    | Killed a dread lich
 69741 | Zot:3    | Killed a dread lich
 69772 | Zot:3    | Noticed a dread lich
 69778 | Zot:3    | Killed a dread lich
 69856 | Zot:3    | Noticed a dread lich
 69874 | Zot:3    | Killed a dread lich
 70086 | Zot:3    | Killed a dread lich
 70108 | Zot:5    | Entered Level 5 of the Realm of Zot
 70813 | Zot:5    | Noticed a Killer Klown
 70847 | Zot:5    | Killed a Killer Klown
 70957 | Zot:5    | Noticed a Killer Klown
 71038 | Zot:5    | Killed a Killer Klown
 71080 | Zot:5    | Noticed an orb of fire
 71089 | Zot:5    | Gained mutation: You sometimes lose your temper in combat.
                  | [an orb of fire]
 71092 | Zot:5    | Gained mutation: You are weak. (Str -2) [an orb of fire]
 71102 | Zot:5    | Killed an orb of fire
 71124 | Zot:5    | Lost mutation: You are weak. (Str -2) [potion of mutation]
 71124 | Zot:5    | Lost mutation: You sometimes lose your temper in combat.
                  | [potion of mutation]
 71124 | Zot:5    | Gained mutation: Your body sometimes deteriorates upon
                  | taking damage. [potion of mutation]
 71124 | Zot:5    | Gained mutation: Your natural rate of healing is unusually
                  | fast. [potion of mutation]
 71273 | Zot:5    | Noticed a Killer Klown
 71286 | Zot:5    | Killed a Killer Klown
 71287 | Zot:5    | Reached skill level 10 in Dodging
 71287 | Zot:5    | Noticed a Killer Klown
 71330 | Zot:5    | Killed a Killer Klown
 71379 | Zot:5    | Noticed a dread lich
 71395 | Zot:5    | Killed a dread lich
 71607 | Zot:5    | Noticed an orb of fire
 71621 | Zot:5    | Noticed an ancient lich
 71632 | Zot:5    | Killed an ancient lich
 71654 | Zot:5    | Gained mutation: You are weak. (Str -2) [an orb of fire]
 71657 | Zot:5    | Killed an orb of fire
 71689 | Zot:5    | Noticed a Killer Klown
 71727 | Zot:5    | Noticed a Killer Klown
 71752 | Zot:4    | Killed a Killer Klown
 72021 | Zot:5    | Noticed a Killer Klown
 72033 | Zot:5    | Noticed a Killer Klown
 72049 | Zot:5    | Killed a Killer Klown
 72105 | Zot:5    | Noticed an ancient lich
 72113 | Zot:5    | Killed an ancient lich
 72204 | Zot:5    | Noticed an ancient lich
 72227 | Zot:5    | Killed an ancient lich
 72238 | Zot:5    | Reached XP level 25. HP: 197/257 MP: 22/27
 73206 | Zot:5    | Got the Orb of Zot
 73232 | Zot:2    | Noticed Homeg the pandemonium lord
 73682 | D:$      | Escaped with the Orb!

Illustrated notes

Levels and vault maps discovered:
D:1:      shiori_arrival_whats_in_store_for_you, layout_loops_ring,
          minmay_hexomino_r4
D:2:      wad_woods_stonehenge, layout_rooms,
          shapermc_ecumenical_altar_rom_forum, basic_altar, serial_undead,
          serial_undead_c, serial_undead_c, serial_undead_f, serial_undead_c
D:3:      layout_loops_ring, lemuel_tele_altar, biasface_ghost_orc_armoury,
          minmay_ruptured
D:4:      layout_basic, minmay_temple_entry_grid, serial_bayou,
          serial_bayou_crossing, serial_bayou_lagoon_a, serial_bayou_pond_e,
          serial_bayou_pond_e, uniq_pikel
D:5:      lemuel_ratsnest, layout_basic, nicolae_ru_sacrificial_ziggurat,
          ashenzari_altar_1, minmay_small_thing
D:6:      layout_cave_pods, minmay_chambers_of_fives
D:7:      layout_cave_pools, serial_shops, shop, minmay_hollow_rounded_squares
D:8:      layout_cave_pods, minivault_24, uniq_maggie
D:9:      layout_stronghold, lair_entry_dummy, enter_bailey_5, minivault_15
D:10:     minmay_the_grid_four_pointed_star
          [minmay_the_grid_triangle_9x9_impossible_snake,
          minmay_the_grid_triangle_9x9_thin_v,
          minmay_the_grid_triangle_9x9_shrine,
          minmay_the_grid_triangle_9x9_odd_lines,
          minmay_the_grid_prize_four_corners_diamond_a], layout_irregular_city,
          fedhas_altar_3, mainiacjoe_overflow_catwalk, elyvilon_altar_5,
          david_orc_3
D:11:     layout_layer_cave, blue_anna_alchemist, uniq_maurice
D:12:     layout_roguey [special_room_orc], maelrawn_ghost_gauntlet_escape
D:13:     layout_stronghold, skrybe_vaults_entry_preservation
D:14:     minmay_isolated_rectangles_in_corner, layout_irregular_city,
          serial_shops, nicolae_square_shop, minmay_misc_feat_encased,
          kennysheep_decorative_pillar, hive_lemuel
D:15:     gammafunk_depths_entry_grave, layout_layer_cave, good_gods_temple_1,
          hangedman_decor_lopped, xom_shifter_show
Lair:1:   layout_regular_city, serial_rivers, chequers_serial_rivers_micro_d,
          chequers_serial_rivers_room_b, chequers_serial_rivers_large_a,
          chequers_serial_rivers_micro_e, infiniplex_staircase_pool_2,
          lemuel_fruit_tree, serial_bayou_shore_a, uniq_grum, uniq_jeremiah
Lair:2:   layout_loops_ring, minmay_snake_entry_guardpost_large,
          dreamdust_wasp_nest, serial_bayou_shore_b
Lair:3:   layout_regular_city, nicolae_swamp_entry_splash_gauntlet
Lair:4:   layout_roguey, slime_entry_2
Lair:5:   evilmike_catoblepas_cave, layout_hall_layers,
          portal_ice_cave_demonic_guard, dpeg_oklob_1, uniq_rupert
Swamp:1:  layout_basic_swamp, infiniplex_staircase_pool
Swamp:2:  layout_basic_swamp, evilmike_swamp_ruin_house_2
Swamp:3:  layout_falls_marsh, evilmike_swamp_ruin_house_4, swamp_pool5
Swamp:4:  swamp_alternative, layout_basic_swamp, swamp_pool4
Snake:1:  layout_concentric_octagons, grunt_megastairs_5, serial_bayou_shore_b
Snake:2:  layout_layer_cave, nicolae_custom_books, nicolae_snake_gridmaze_waves,
          serial_bayou_shore_b
Snake:3:  layout_onion_interference, grunt_megastairs_2, uniq_louise
Snake:4:  snake_pit_salamanders_mu, layout_rooms, ebering_ghost_xom,
          st_stairs_6, nicolae_snake_serpentine_hallways, uniq_vashnia
Orc:1:    nicolae_orc_accident_2, layout_diamond_mine, uniq_harold
Orc:2:    grunt_orc_tribal_feast, layout_diamond_mine,
          ebering_ghost_rock_garden, roderic_batcave, uniq_jorgrun
Elf:1:    minmay_elf_arrival_plus, layout_loops_corners,
          kennysheep_underground_church, nicolae_elf_hall_of_bonks, uniq_roxanne
Elf:2:    elven_hall_of_blades_hangedman_original
          [nicolae_blade_entry_sentries_behind_glass], layout_geoelf_diagonals,
          special_room [special_room_mythical_zoo], ebering_ghost_gozag
Elf:3:    minmay_elf_hall_furrowed, layout_gridlike
Vaults:1: nicolae_vaults_trapezoid_lopsided_3, nicolae_vaults_little_squares_2,
          nicolae_vaults_mitosis, vaults_dpeg_ring,
          vaults_standard_mumra_enter_the_diamond, grunt_vaults_trifunnel,
          v_misc_13, nicolae_vaults_network_square, v_pattern_2,
          nicolae_vaults_security_offices_6, layout_vaults_big_cross,
          serial_shops, nicolae_shop_temple_entry_statues_fountains, uniq_aizul
Vaults:2: v_misc_5, nicolae_vaults_double_plus_3, v_misc_30,
          nicolae_vaults_disjoint_gnomons,
          minmay_guarded_unrand_secular_launcher, nicolae_vaults_little_ls,
          hangedman_vaults_stream, nicolae_vaults_trapezoid_1,
          nicolae_vaults_angled_halls, nicolae_vaults_trapezoid_lopsided_1,
          nicolae_vaults_trapezoid_layered, hangedman_vaults_trim, v_misc_8,
          layout_vaults_omnibox, serial_shops,
          nicolae_shop_temple_entry_statues_fountains, uniq_asterion,
          uniq_zenata, uniq_margery
Vaults:3: minmay_crypt_entry_simple_sparse, v_misc_31, v_rooms_6,
          hangedman_vaults_stagger, v_misc_18, ontoclasm_vaults_idyll,
          nicolae_vaults_house_1, vaults_room_stairs_pillars,
          nicolae_vaults_little_squares_4, ontoclasm_vaults_loading_screen,
          vaults_room_corners, nicolae_vaults_heist, layout_vaults_big_room
Vaults:4: nicolae_vaults_weapon_check, vaults_room_boxed,
          vaults_room_stairs_pillars, v_misc_19, hangedman_vaults_corner,
          ontoclasm_vaults_loading_screen, nicolae_vaults_storage_room_doors,
          layout_vaults_quadrants, serial_shops,
          nicolae_shop_pleasant_corner_grove, uniq_sojobo, uniq_saint_roka,
          uniq_bai_suzhen
Vaults:5: serial_shops
Depths:1: layout_long_grid, hell_entry, hangedman_abyss_entry_splay,
          dk_noncrumbling_2, minmay_misc_feat_x, drop_trap,
          nicolae_nh_oracle_at_delphi, serial_bayou_shore_b
Depths:2: minmay_swirls_squares, layout_gridlike, enter_ziggurat_a,
          pf_hell_entry_tar_river, chequers_serial_rivers_large_b,
          abyss_entry_small_statue_room, pan_entry, serial_shops,
          bzr_entry_water, hangedman_abyss_or_decor_jellyfish_corner,
          nrook_uturn, infiniplex_staircase_pillars_1
Depths:3: minmay_crescents, layout_cave_shapes, abyss_entry, hell_entry,
          cheibriados_altar_1, serial_shops, nicolae_shop_crystal,
          nicolae_shop_behind_doors, shop, nicolae_shop_tiny_statue_garden,
          shop, amcnicky_mini_pool_medium
Depths:4: grunt_x_marks_the_spot, layout_honeycomb, zin_angel, serial_shops,
          nicolae_shop_getting_attention, ebering_ghost_reflecting_pool,
          lightli_too_deep, grunt_pan_entry_spiral, uniq_mennas, uniq_boris
Zot:1:    nicolae_zot_draconian_monastery, layout_twisted_circle
Zot:2:    layout_misc_corridors
Zot:3:    hellmonk_paralyzer, layout_onion_interference,
          hellmonk_ghost_big_iron, st_single_dragon_hoard_3
Zot:4:    dreamdust_zin_vs_xom, layout_basic
Zot:5:    layout_twisted_circle, hangedman_zot_decor_scrapings

Skill      XL: |  1  2  3  4  5  6  7  8  9 10 11 12 13 14 15 16 17 18 19 20 21 22 23 24 25 |
---------------+----------------------------------------------------------------------------+-----
Axes           | 3 4 5 6 8 9 10 12 13 16 18 19 20 | 20.0
Fighting       | 5 7 10 12 15 18 20 23 26 27 | 27.0
Evocations     | 3 5 9 10 | 10.0
Shields        | 5 13 15 18 20 | 20.0
Armour         | 4 5 9 10 16 18 20 | 20.0
Dodging        | 6 13 14 | 14.3
Stealth        | |  4.5

Action                     |  1- 3 |  4- 6 |  7- 9 | 10-12 | 13-15 | 16-18 | 19-21 | 22-24 | 25-27 || total
---------------------------+-------+-------+-------+-------+-------+-------+-------+-------+-------++-------
  Melee: Hand axe          |    11 |       |       |       |       |       |       |       |       ||    11
         Punch             |     1 |     2 |     3 |       |       |       |       |       |       ||     6
         Mace              |     7 |    97 |       |       |       |       |       |       |       ||   104
         Flail             |       |    89 |     7 |    10 |       |       |       |       |       ||   106
         War axe           |       |     9 |   258 |   457 |   403 |       |       |       |       ||  1127
         Broad axe         |       |       |       |       |   988 |  1302 |  1551 |  1710 |    43 ||  5594
         Eveningstar       |       |       |       |       |    11 |       |    82 |       |       ||    93
  Throw: Boomerang         |       |     1 |       |     4 |    47 |    22 |    38 |    47 |       ||   159
         Throwing net      |       |       |       |       |       |       |     3 |     2 |       ||     5
  Evoke: Wand              |       |       |     3 |    15 |     4 |     5 |       |     1 |       ||    28
         Tin of tremorston |       |       |       |     2 |     3 |     3 |     1 |     2 |       ||    11
         Lightning rod     |       |       |       |       |     4 |     5 |     1 |       |       ||    10
         Phantom mirror    |       |       |       |       |       |       |       |     1 |       ||     1
    Use: Scroll            |       |     4 |     6 |     7 |    11 |     4 |     9 |    12 |       ||    53
         Potion            |       |     5 |     7 |     4 |     1 |       |     5 |    14 |       ||    36
   Stab: Sleeping          |       |     9 |       |       |       |       |       |       |       ||     9
         Distracted        |       |     1 |       |       |       |       |       |       |       ||     1
         Paralysed         |       |       |     3 |     3 |       |       |       |       |       ||     6
         Invisible         |       |       |     2 |       |       |       |     3 |     5 |       ||    10
         Petrified         |       |       |       |       |     8 |       |       |       |       ||     8
         Petrifying        |       |       |       |       |     2 |       |       |       |       ||     2
         Held in net/web   |       |       |       |       |       |       |     1 |       |       ||     1
         Confused          |       |       |       |       |       |       |       |     1 |       ||     1
 Armour: Leather armour    |    14 |    64 |       |       |       |       |       |       |       ||    78
         Plate armour      |       |    45 |       |    59 |   168 |       |       |       |       ||   272
         Chain mail        |       |     7 |   185 |   289 |       |       |       |       |       ||   481
         Gold dragon scale |       |       |       |       |   542 |   615 |   940 |  1028 |    14 ||  3139
  Dodge: Dodged            |     9 |    79 |   130 |   141 |   139 |   147 |   246 |   284 |     5 ||  1180
  Block: Kite shield       |       |       |    62 |   449 |  1337 |   723 |       |       |       ||  2571
         Tower shield      |       |       |       |       |       |   683 |  1750 |  1677 |    32 ||  4142

Table legend: (Time is in decaauts)
 A = Elapsed time spent in this place.
 B = Non-inter-level travel time spent in this place.
 C = Inter-level travel time spent in this place.
 D = Time resting spent in this place.
 E = Time spent auto-exploring this place.
 F = Levels seen in this place.
 G = Mean time per level.
                   A        B        C        D        E       F      G
               +--------+--------+--------+--------+--------+-----+--------+
         Total |  72949 |  67422 |   5527 |  20020 |  31087 |  50 | 1459.0 |
       Dungeon |  19260 |  16547 |   2713 |   3130 |   9852 |  15 | 1284.0 |
          Lair |   7067 |   6557 |    510 |   1244 |   3931 |   5 | 1413.4 |
         Swamp |   3676 |   3522 |    154 |    926 |   1821 |   4 |  919.0 |
     Snake Pit |   6619 |   6362 |    257 |   2682 |   2409 |   4 | 1654.8 |
  Orcish Mines |   1921 |   1712 |    209 |    353 |   1007 |   2 |  960.5 |
   Elven Halls |   4851 |   4740 |    111 |   1788 |   1687 |   3 | 1617.0 |
        Vaults |  11172 |  10442 |    730 |   4036 |   3640 |   5 | 2234.4 |
        Depths |   7326 |   6758 |    568 |   2057 |   3467 |   4 | 1831.5 |
           Zot |   9345 |   9073 |    272 |   3403 |   2708 |   5 | 1869.0 |
        Bazaar |    211 |    211 |      0 |      0 |    183 |   1 |  211.0 |
        Bailey |    389 |    389 |      0 |     91 |     18 |   1 |  389.0 |
      Ice Cave |   1106 |   1106 |      0 |    306 |    361 |   1 | 1106.0 |
               +--------+--------+--------+--------+--------+-----+--------+

Top non-repeatable levels by time:
Vaults:5: 3100 daAuts
   Zot:5: 2866 daAuts
Depths:4: 2717 daAuts
Vaults:1: 2481 daAuts
 Snake:4: 2257 daAuts
Vaults:2: 2237 daAuts
  Lair:5: 2219 daAuts
   Zot:1: 2168 daAuts
 Snake:2: 2027 daAuts
Depths:2: 1964 daAuts
Vaults:4: 1863 daAuts
   Zot:2: 1832 daAuts
   Elf:2: 1812 daAuts
    D:14: 1617 daAuts
   Zot:4: 1602 daAuts
